 Dungeon Crawl Stone Soup version 0.27-a0-607-g1ad3dbde53 (webtiles) character file.

Game seed: 7558054295056133145

835 Allula97 the Skirmisher (level 7, -16/55 HPs)
             Began as a Demonspawn Abyssal Knight on Mar 13, 2021.
             Was a Priest of Lugonu.
             Demolished by a spatial vortex (19 damage)
             ... summoned by a spatial maelstrom
             ... summoned by Lugonu's corruption
             ... on level 5 of the Dungeon.
             The game lasted 00:14:26 (4063 turns).

Allula97 the Skirmisher (Demonspawn Abyssal Knight) Turns: 4063, Time: 00:14:27

Health: -16/55     AC: 11    Str: 18    XL:     7   Next: 66%
Magic:  4/10       EV: 13    Int: 13    God:    Lugonu [***...]
Gold:   374        SH:  0    Dex: 15    Spells: 6/6 levels left

rFire    . . .     SeeInvis .   e - +9 dagger "Medeqoiri" {vorpal, Str+6}
rCold    + . .     Faith    +   (no shield)
rNeg     . . .     Spirit   .   b - +0 leather armour
rPois    .         Reflect  .   (no helmet)
rElec    .         Harm     .   (no cloak)
rCorr    .         Rampage  .   (no gloves)
Will     .....                  (no boots)
Stlth    ++........             i - amulet of faith
HPRegen  0.18/turn              y - +4 ring of protection
MPRegen  0.24/turn              (no ring)

@: no status effects
A: claws 1, icy blue scales 3, magic regeneration
a: Renounce Religion, Depart the Abyss, Bend Space, Banish


You were on level 5 of the Dungeon.
You worshipped Lugonu.
Lugonu was most pleased with you.
You visited 1 branch of the dungeon, and saw 5 of its levels.
You visited the Abyss 1 time.

You collected 374 gold pieces.

Inventory:

Hand Weapons
 a - a +1 short sword
 e - the +9 dagger "Medeqoiri" (weapon) {vorpal, Str+6}
   (You found it on level 2 of the Abyss)

   It inflicts extra damage upon your enemies.
   It affects your strength (+6).
Missiles
 c - 17 poisoned darts
 p - 6 atropa-tipped darts
Armour
 b - a +0 leather armour (worn)
 t - a +0 kite shield
Jewellery
 i - an amulet of faith (around neck)
 w - a ring of fire
 y - a +4 ring of protection (right claw)
Wands
 B - a wand of polymorph (4)
Scrolls
 k - 3 scrolls of teleportation {unknown}
 l - a scroll of magic mapping {unknown}
 m - 3 scrolls of blinking {unknown}
 n - a scroll of identify {unknown}
 q - 2 scrolls of random uselessness {unknown}
 s - a scroll of fear {unknown}
 u - a scroll of noise {unknown}
 v - a scroll of enchant weapon {unknown}
Potions
 d - a potion of heal wounds {unknown}
 f - 3 potions of curing
 g - a potion of mutation {unknown}
 h - a potion of flight {unknown}
 j - a potion of degeneration {unknown}
 o - a potion of invisibility {unknown}
 r - 2 potions of haste {unknown}
 x - a potion of magic {unknown}
 z - a potion of might {unknown}
 A - a potion of lignification {unknown}


   Skills:
 * Level 4.8 Fighting
 * Level 4.6 Short Blades
 * Level 3.3 Armour
 * Level 3.3 Dodging
 * Level 2.0 Stealth
 * Level 4.2 Invocations


You had 6 spell levels left.
You didn't know any spells.
Your spell library contained the following spells:

 Spells                   Type           Power      Damage    Failure   Level
 Beastly Appendage        Tmut           0%         N/A       36%         1
 Wereblood                Tmut           0%         N/A       50%         2
 Spider Form              Tmut/Pois      0%         N/A       73%         3
 Ice Form                 Ice/Tmut       0%         N/A       98%         4
 Blade Hands              Tmut           0%         N/A       100%        5


Dungeon Overview and Level Annotations

Branches:
Dungeon (5/15)
 Temple: D:4-7

Altars:
Dithmenos
Gozag
Hepliaklqana
Kikubaaqudgha
Nemelex Xobeh
Okawaru
Ru
Trog
Zin

Annotations:
D:5 corrupted


Innate Abilities, Weirdness & Mutations

You have sharp fingernails.
You are completely covered in icy blue scales. (AC +4, rC+)
You regenerate magic rapidly.


Message History

You puncture the shadow imp!
You kill the shadow imp!
Lugonu accepts your kill.
You can now corrupt the fabric of space.
A giant cockroach comes into view.
Found a stone staircase leading down.
You barely miss the giant cockroach.
You hit the giant cockroach but do no damage.
The giant cockroach bites you but does no damage.
You puncture the giant cockroach!
You kill the giant cockroach!
Lugonu accepts your kill.
You see here a giant cockroach corpse.
B - a wand of polymorph (4)
You see here a giant cockroach corpse.
As you open the door, it creaks loudly!
Found a glowing silver altar of Zin.
There is an open door here.
A sky beast comes into view.
There is an open door here.
You fail to use your ability.
You fail to use your ability.
Lugonu's Hand of Corruption reaches out!
You can no longer corrupt the fabric of space.
The large abomination refuses to make way for you. (Use ctrl+direction or * direction to attack.) Unknown command.
The Executioner hits you but does no damage.
The Executioner hits you. The Executioner closely misses you.
The large abomination hits you!!
The small abomination closely misses you.
The small abomination hits you!!
* * * LOW HITPOINT WARNING * * *
Space bends around you!
You blink.
Press: ? - help, v - describe, . - travel
Here: a thrashing horror (summoned, indifferent)
The floor.
Unknown command.
A spatial vortex comes into view.
The spatial vortex hits you!!
You die...

#.# ..........##.#(.#.#
#.# #..###.#..##.#..##.
#.# #..#............###
..###...#.###.###.#.##
#####x##.#..#.. #.# #...#
##........X..#.###.###..##
#..#####X.J..4..........#
#.##x_.##X.v..###..####.#
#..##3##....@# #..# .#
##x4.xx.51...# #..# .#
#...3x5..vD.3X## #..#
##.......X3....###..#
#.#Y.Y#.X.#........#
#xY.##.....#...###.## ####
##x.#.#..## #.X.###..#
#.## ...#


You could see a neutral bone dragon (summoned, wandering), a neutral tentacled
starspawn (summoned, wandering), a neutral spatial maelstrom (summoned), a
neutral Executioner (summoned, wandering), a neutral spatial vortex (wandering),
2 neutral thrashing horrors, 4 neutral large abominations, a neutral worldbinder
(summoned, wandering), a neutral smoke demon (summoned, wandering), a neutral
neqoxec (summoned, wandering), a neutral chaos spawn (summoned, wandering), a
neutral ice beast (summoned, wandering), 3 neutral small abominations, a neutral
jelly (summoned, wandering), a neutral iron imp (summoned, wandering) and a
neutral quasit (summoned, wandering).

Vanquished Creatures
  The ghost of Essalna the Chiller, an amateur DsIE (D:4)
  2 ice beasts (D:4)
  A phantom (D:4)
  A scorpion (D:4)
  A bullfrog skeleton (D:5)
  An orc priest (D:4)
  2 orc wizards
  A worker ant (D:4)
  A bullfrog simulacrum (D:4)
  8 adders
  A shadow imp (D:5)
  An ufetubus (D:5)
  An ooze (D:4)
  A worm (D:2)
  4 dart slugs
  A leopard gecko (D:5)
  18 orcs
  2 giant cockroaches
  8 goblins
  8 hobgoblins
  3 jackals (D:5)
  10 kobolds
  A quokka (D:2)
  10 bats
  8 frilled lizards
  A giant cockroach simulacrum (D:4)
  A jackal skeleton (D:4)
  2 leopard gecko simulacra (D:4)
  7 rats
107 creatures vanquished.

Vanquished Creatures (others)
  A plant (D:3)
1 creature vanquished.

Grand Total: 108 creatures vanquished

Notes
Turn   | Place    | Note
-------+----------+-------------------------------------------
     0 | Abyss:1  | Allula97 the Demonspawn Abyssal Knight began the quest for
                  | the Orb.
     0 | Abyss:1  | Reached XP level 1. HP: 18/18 MP: 2/2
    53 | Abyss:2  | Identified the +9 dagger "Medeqoiri" {vorpal, Str+6}
   144 | Abyss:3  | Found a viscous altar of Jiyva.
   147 | Abyss:3  | Noticed a tentacled starspawn
   148 | D:1      | Escaped the Abyss
   302 | D:1      | Reached skill level 1 in Dodging
   309 | D:1      | Gained mutation: You are partially covered in icy blue
                  | scales. (AC +2) [demonic ancestry]
   309 | D:1      | Reached XP level 2. HP: 20/24 MP: 3/3
   365 | D:1      | Reached * piety under Lugonu
   800 | D:2      | Reached XP level 3. HP: 23/29 MP: 5/5
  1243 | D:2      | Reached ** piety under Lugonu
  1301 | D:2      | Found an iron altar of Okawaru.
  2049 | D:3      | Gained mutation: You are mostly covered in icy blue scales.
                  | (AC +3) [demonic ancestry]
  2049 | D:3      | Reached XP level 4. HP: 36/37 MP: 6/6
  2330 | D:3      | Found a sacrificial altar of Ru.
  2446 | D:3      | Gained mutation: You are completely covered in icy blue
                  | scales. (AC +4, rC+) [demonic ancestry]
  2446 | D:3      | Reached XP level 5. HP: 29/42 MP: 7/7
  2457 | D:3      | Reached *** piety under Lugonu
  2458 | D:3      | Reached skill level 1 in Stealth
  2936 | D:3      | Found an ancient bone altar of Kikubaaqudgha.
  3077 | D:4      | Found a runed translucent gate.
  3081 | D:4      | Found a runed translucent gate.
  3081 | D:4      | Found a runed translucent gate.
  3139 | D:4      | Noticed an ice beast
  3139 | D:4      | Noticed an ice beast
  3154 | D:4      | Noticed Essalna's ghost (amateur DsIE)
  3404 | D:4      | Gained mutation: You have sharp fingernails. [demonic
                  | ancestry]
  3404 | D:4      | Reached XP level 6. HP: 48/48 MP: 8/8
  3728 | D:4      | Found a sacrificial altar of Ru.
  3729 | D:4      | Found an opulent altar of Gozag.
  3729 | D:4      | Found a sparkling altar of Nemelex Xobeh.
  3729 | D:4      | Found a bloodstained altar of Trog.
  3735 | D:4      | Found a shadowy altar of Dithmenos.
  3735 | D:4      | Found a hazy altar of Hepliaklqana.
  3816 | D:4      | Killed an ice beast
  3817 | D:4      | Gained mutation: You regenerate magic rapidly. [demonic
                  | ancestry]
  3817 | D:4      | Reached XP level 7. HP: 39/55 MP: 9/9
  3825 | D:4      | Killed Essalna's ghost
  3877 | D:5      | Entered Level 5 of the Dungeon
  3973 | D:5      | Reached **** piety under Lugonu
  4055 | D:5      | Corrupted D:5
  4055 | D:5      | Noticed a chaos spawn
  4055 | D:5      | Noticed a ynoxinul
  4055 | D:5      | Noticed a large abomination
  4055 | D:5      | Noticed a large abomination
  4055 | D:5      | Noticed a small abomination
  4055 | D:5      | Noticed an Executioner
  4055 | D:5      | Noticed a smoke demon
  4055 | D:5      | Noticed a thrashing horror
  4055 | D:5      | Noticed a neqoxec
  4055 | D:5      | Noticed a large abomination
  4055 | D:5      | Noticed a large abomination
  4055 | D:5      | Noticed a neqoxec
  4055 | D:5      | Noticed a small abomination
  4058 | D:5      | Noticed a tentacled starspawn
  4058 | D:5      | Noticed a spatial maelstrom
  4058 | D:5      | Noticed a large abomination
  4058 | D:5      | Noticed a bone dragon
  4058 | D:5      | Noticed a thrashing horror
  4059 | D:5      | Noticed a worldbinder
  4061 | D:5      | Noticed a spatial vortex
  4062 | D:5      | Noticed a small abomination
  4063 | D:5      | Noticed a chaos spawn
  4063 | D:5      | Demolished by a spatial vortex

Illustrated notes

Levels and vault maps discovered:
D:1:      dpeg_arrival_radiant, layout_rooms
D:2:      layout_loops_ring, okawaru_gym_becter, roderic_serpentine_path
D:3:      layout_basic, nicolae_kikubaaqudgha_miasma_corner,
          nicolae_ru_the_path_less_chosen
D:4:      layout_basic, minmay_overflow_temple_hex, gammafunk_ghost_icy,
          hangedman_glass_teeth
D:5:      layout_loops_ring, general_overflow_altar, zin_statuary,
          minmay_temple_entry_overgrown, gammafunk_ghost_grave, st_stairs_9,
          patterned_corridor

Skill      XL: |  1  2  3  4  5  6  7 |
---------------+----------------------+-----
Dodging        | 1 2 3 |  3.3
Armour         | 2 3 |  3.3
Short Blades   | 2 3 4 |  4.6
Invocations    | 3 4 |  4.2
Fighting       | 4 |  4.8
Stealth        | 1 2 |  2.0

Action                   |  1- 3 |  4- 6 |  7- 9 || total
-------------------------+-------+-------+-------++-------
Melee: Dagger            |    93 |   139 |    36 ||   268
Invok: Depart the Abyss  |     1 |       |       ||     1
       Bend Space        |       |     1 |     1 ||     2
       Corrupt           |       |       |     1 ||     1
  Use: Potion            |       |       |     2 ||     2
 Stab: Sleeping          |       |     1 |       ||     1
Armor: Leather armour    |    26 |    61 |    21 ||   108
Dodge: Dodged            |    58 |    81 |    19 ||   158

Table legend: (Time is in decaauts)
 A = Elapsed time spent in this place.
 B = Non-inter-level travel time spent in this place.
 C = Inter-level travel time spent in this place.
 D = Time resting spent in this place.
 E = Time spent auto-exploring this place.
 F = Levels seen in this place.
 G = Mean time per level.
                   A        B        C        D        E       F      G
               +--------+--------+--------+--------+--------+-----+--------+
         Total |   4029 |   3758 |    271 |    389 |   2093 |   8 |  503.6 |
       Dungeon |   3882 |   3611 |    271 |    389 |   2093 |   5 |  776.4 |
         Abyss |    147 |    147 |      0 |      0 |      0 |   3 |   49.0 |
               +--------+--------+--------+--------+--------+-----+--------+

Top non-repeatable levels by time:
     D:2: 1186 daAuts
     D:3: 1067 daAuts
     D:4: 805 daAuts
     D:1: 643 daAuts
     D:5: 179 daAuts
 Abyss:2: 98 daAuts
 Abyss:3: 27 daAuts
 Abyss:1: 21 daAuts
